TOP OF THE 1ST |
Los Angeles Lions batting - Pitching for Sacramento Miners : LHP Luciano Priestley
|
Pitching: LHP Luciano Priestley
|
|
Batting: LHB Arthur Inions
|
0-0: Called Strike 0-1: Ball 1-1: Foul Ball, location: 2F 1-2: Fly out, F7 (Flyball, 78M, EV 83.8 MPH)
|
Batting: SHB Harlan Sluggett
|
0-0: Ball 1-0: Foul Ball, location: 9LDF 1-1: Ground out 6-3 (Groundball, 6, EV 92.5 MPH)
|
Batting: RHB Thaddeus Coxall
|
0-0: Ball 1-0: SINGLE (Groundball, 5D, EV 101.9 MPH)
|
Batting: RHB Ellsworth Fearon
|
0-0: Ball 1-0: Ball Thaddeus Coxall is caught stealing 2nd base 2-4
|
Top of the 1st over - 0 runs, 1 hit, 0 errors, 0 left on base; Los Angeles 0 - Sacramento 0 |
BOTTOM OF THE 1ST |
Sacramento Miners batting - Pitching for Los Angeles Lions : RHP Bennie Fidgeon
|
Pitching: RHP Bennie Fidgeon
|
|
Batting: LHB Morgan Spencer
|
0-0: Ball 1-0: Fly out, F8 (Flyball, 89D, EV 103.8 MPH)
|
Batting: RHB Bernard Brooks
|
0-0: Ball 1-0: Ball 2-0: Called Strike 2-1: Ground out 6-3 (Groundball, 6, EV 89.4 MPH)
|
Batting: RHB Carlo Holmes
|
0-0: Called Strike 0-1: Foul Ball, location: 25FF 0-2: Foul Ball, location: 23F 0-2: Ball 1-2: Ball 2-2: Ball 3-2: Foul Ball, location: 2F 3-2: Fly out, F7 (Flyball, 7LM, EV 107.5 MPH)
|
Bottom of the 1st over - 0 runs, 0 hits, 0 errors, 0 left on base; Los Angeles 0 - Sacramento 0 |
TOP OF THE 2ND |
Los Angeles Lions batting - Pitching for Sacramento Miners : LHP Luciano Priestley
|
Batting: RHB Ellsworth Fearon
|
0-0: Called Strike 0-1: Ball 1-1: Ground out 5-3 (Groundball, 5L, EV 83.1 MPH)
|
Batting: LHB Ulysses Gallant
|
0-0: Ball 1-0: DOUBLE (Flyball, 8RXD, EV 105.6 MPH)
|
Batting: RHB Frederic Spivey
|
0-0: Ball 1-0: Foul Ball, location: 2F 1-1: Called Strike 1-2: Strikes out swinging
|
Batting: LHB Rodney Turner
|
0-0: Ball 1-0: Fly out, F9 (Line Drive, 9, EV 100.6 MPH)
|
Top of the 2nd over - 0 runs, 1 hit, 0 errors, 1 left on base; Los Angeles 0 - Sacramento 0 |
BOTTOM OF THE 2ND |
Sacramento Miners batting - Pitching for Los Angeles Lions : RHP Bennie Fidgeon
|
Batting: RHB Francisco Thompson
|
0-0: Called Strike 0-1: Swinging Strike 0-2: Strikes out swinging
|
Batting: LHB Bartholo Dimond
|
0-0: Ground out 3-1 (Groundball, 34S, EV 89.4 MPH)
|
Batting: RHB General Vaughan
|
0-0: Ball 1-0: Foul Ball, location: 9LSF 1-1: Ball 2-1: Ball 3-1: Foul Ball, location: 3DF 3-2: Strikes out looking
|
Bottom of the 2nd over - 0 runs, 0 hits, 0 errors, 0 left on base; Los Angeles 0 - Sacramento 0 |
TOP OF THE 3RD |
Los Angeles Lions batting - Pitching for Sacramento Miners : LHP Luciano Priestley
|
Batting: LHB Jesse Bailey
|
0-0: Ball 1-0: Called Strike 1-1: Ball 2-1: Called Strike 2-2: Foul Ball, location: 2F 2-2: Foul Ball, location: 23FF 2-2: Ball 3-2: Ground out 4-3 (Groundball, 4, EV 99.4 MPH)
|
Batting: RHB Bennie Fidgeon
|
0-0: Called Strike 0-1: Ball 1-1: Swinging Strike 1-2: Ball 2-2: Foul Ball, location: 5SF 2-2: Foul Ball, location: 7LSF 2-2: Strikes out swinging
|
Batting: LHB Arthur Inions
|
0-0: Called Strike 0-1: Ball 1-1: Ground out U3 (Groundball, 3L, EV 103.1 MPH)
|
Top of the 3rd over - 0 runs, 0 hits, 0 errors, 0 left on base; Los Angeles 0 - Sacramento 0 |
BOTTOM OF THE 3RD |
Sacramento Miners batting - Pitching for Los Angeles Lions : RHP Bennie Fidgeon
|
Batting: RHB Prince Pinchin
|
0-0: Fly out, F3 (Line Drive, 3, EV 70.0 MPH)
|
Batting: RHB Byron Wilkinson
|
0-0: Ground out 6-3 (Groundball, 6, EV 83.1 MPH)
|
Batting: LHB Luciano Priestley
|
0-0: Ground out 6-3 (Groundball, 6M, EV 110.6 MPH)
|
Bottom of the 3rd over - 0 runs, 0 hits, 0 errors, 0 left on base; Los Angeles 0 - Sacramento 0 |
TOP OF THE 4TH |
Los Angeles Lions batting - Pitching for Sacramento Miners : LHP Luciano Priestley
|
Batting: SHB Harlan Sluggett
|
0-0: Ball 1-0: SINGLE (Groundball, 4MD, EV 100.6 MPH)
|
Batting: RHB Thaddeus Coxall
|
0-0: Foul Ball, location: 7LMF 0-1: SINGLE (Groundball, 34D, EV 95.6 MPH) Harlan Sluggett to second Runner from 2nd tries for 3rd, SAFE, throw by RF made to third Thaddeus Coxall to second
|
Batting: RHB Ellsworth Fearon
|
0-0: Called Strike 0-1: Ball 1-1: Called Strike 1-2: Strikes out swinging
|
Batting: LHB Ulysses Gallant
|
0-0: Foul Ball, location: 5DF 0-1: Foul Ball, location: 7LMF 0-2: Foul Ball, location: 7LSF 0-2: Ball Passed Ball! Harlan Sluggett scores Thaddeus Coxall to third 1-2: Strikes out swinging
|
Batting: RHB Frederic Spivey
|
0-0: Ball 1-0: Ball 2-0: Called Strike 2-1: Ball 3-1: Foul Ball, location: 25F 3-2: Fly out, F5 (Line Drive, 5D, EV 66.3 MPH)
|
Top of the 4th over - 1 run, 2 hits, 0 errors, 1 left on base; Los Angeles 1 - Sacramento 0 |
BOTTOM OF THE 4TH |
Sacramento Miners batting - Pitching for Los Angeles Lions : RHP Bennie Fidgeon
|
Batting: LHB Morgan Spencer
|
0-0: Ball 1-0: Fly out, F8 (Flyball, 8LD, EV 94.4 MPH)
|
Batting: RHB Bernard Brooks
|
0-0: Ground out 6-3 (Groundball, 6, EV 68.8 MPH)
|
Batting: RHB Carlo Holmes
|
0-0: Ball 1-0: Swinging Strike 1-1: DOUBLE (Line Drive, 9LM, EV 110.6 MPH)
|
Batting: RHB Francisco Thompson
|
0-0: Foul Ball, location: 9LSF 0-1: Fly out, F8 (Flyball, 8RXD, EV 112.5 MPH)
|
Bottom of the 4th over - 0 runs, 1 hit, 0 errors, 1 left on base; Los Angeles 1 - Sacramento 0 |
TOP OF THE 5TH |
Los Angeles Lions batting - Pitching for Sacramento Miners : LHP Luciano Priestley
|
Batting: LHB Rodney Turner
|
0-0: Ball 1-0: Called Strike 1-1: Foul Ball, location: 3F 1-2: Fly out, F4 (Line Drive, 4M, EV 71.3 MPH)
|
Batting: LHB Jesse Bailey
|
0-0: Called Strike 0-1: Ball 1-1: Swinging Strike 1-2: Foul Ball, location: 2F 1-2: Strikes out swinging
|
Batting: RHB Bennie Fidgeon
|
0-0: Ball 1-0: Called Strike 1-1: Ball 2-1: Called Strike 2-2: Ground out 1-3 (Groundball, P, EV 72.5 MPH)
|
Top of the 5th over - 0 runs, 0 hits, 0 errors, 0 left on base; Los Angeles 1 - Sacramento 0 |
BOTTOM OF THE 5TH |
Sacramento Miners batting - Pitching for Los Angeles Lions : RHP Bennie Fidgeon
|
Batting: LHB Bartholo Dimond
|
0-0: Ball 1-0: Foul Ball, location: 2F 1-1: Swinging Strike 1-2: Ground out 4-3 (Groundball, 4, EV 86.3 MPH)
|
Batting: RHB General Vaughan
|
0-0: Called Strike 0-1: Fly out, F8 (Flyball, 8RM, EV 80.6 MPH)
|
Batting: RHB Prince Pinchin
|
0-0: Ball 1-0: Ball 2-0: SINGLE (Flyball, 8LS, EV 99.4 MPH)
|
Batting: RHB Byron Wilkinson
|
0-0: Called Strike 0-1: Foul Ball, location: 2F 0-2: Foul Ball, location: 2F 0-2: Ball 1-2: Reached on error, E5 (Groundball, 56, EV 78.8 MPH) Prince Pinchin to second
|
Batting: LHB Luciano Priestley
|
0-0: Ball 1-0: Swinging Strike 1-1: Ball 2-1: Foul Ball, location: 7LSF 2-2: Strikes out swinging
|
Bottom of the 5th over - 0 runs, 1 hit, 1 error, 2 left on base; Los Angeles 1 - Sacramento 0 |
TOP OF THE 6TH |
Los Angeles Lions batting - Pitching for Sacramento Miners : LHP Luciano Priestley
|
Batting: LHB Arthur Inions
|
0-0: Ground out 4-3 (Groundball, 4, EV 98.8 MPH)
|
Batting: SHB Harlan Sluggett
|
0-0: Swinging Strike 0-1: Fly out, F3 (Popup, 3SF, EV 72.5 MPH)
|
Batting: RHB Thaddeus Coxall
|
0-0: Ball 1-0: SINGLE (Line Drive, 9S, EV 108.8 MPH)
|
Batting: RHB Ellsworth Fearon
|
0-0: Called Strike Thaddeus Coxall is caught stealing 2nd base 2-4
|
Top of the 6th over - 0 runs, 1 hit, 0 errors, 0 left on base; Los Angeles 1 - Sacramento 0 |
BOTTOM OF THE 6TH |
Sacramento Miners batting - Pitching for Los Angeles Lions : RHP Bennie Fidgeon
|
Batting: LHB Morgan Spencer
|
0-0: Ball 1-0: DOUBLE (Line Drive, 9LM, EV 90.0 MPH)
|
Batting: RHB Bernard Brooks
|
0-0: Called Strike 0-1: Foul Ball, location: 2F 0-2: Fly out, F8 (Line Drive, 8RM, EV 88.1 MPH)
|
Batting: RHB Carlo Holmes
|
0-0: Ball 1-0: Called Strike 1-1: Ball 2-1: Ground out U3 (Groundball, 3L, EV 110.6 MPH) Morgan Spencer to third
|
Batting: RHB Francisco Thompson
|
0-0: Ball 1-0: DOUBLE (Flyball, 8RXD, EV 105.6 MPH) Morgan Spencer scores
|
Batting: LHB Bartholo Dimond
|
0-0: Foul Ball, location: 7LDF 0-1: SINGLE (Flyball, 5D, EV 96.9 MPH) Francisco Thompson to third Runner from 3rd tries for Home, SAFE, throw by LF to home Bartholo Dimond to second
|
Batting: RHB General Vaughan
|
0-0: Fly out, F9 (Flyball, 89S, EV 77.5 MPH)
|
Bottom of the 6th over - 2 runs, 3 hits, 0 errors, 1 left on base; Los Angeles 1 - Sacramento 2 |
TOP OF THE 7TH |
Los Angeles Lions batting - Pitching for Sacramento Miners : LHP Luciano Priestley
|
Batting: RHB Ellsworth Fearon
|
0-0: Foul Ball, location: 2F 0-1: Ground out 5-3 (Groundball, 56, EV 86.9 MPH)
|
Pinch Hitting: RHB Judge Joplin
|
0-0: Swinging Strike 0-1: Ball 1-1: Ball 2-1: Fly out, F7 (Flyball, 78D, EV 82.5 MPH)
|
Batting: RHB Frederic Spivey
|
0-0: SINGLE (Line Drive, 34, EV 99.4 MPH)
|
Pinch Hitting: RHB Ernesto Winnall
|
0-0: Fly out, F9 (Flyball, 89S, EV 99.4 MPH)
|
Top of the 7th over - 0 runs, 1 hit, 0 errors, 1 left on base; Los Angeles 1 - Sacramento 2 |
BOTTOM OF THE 7TH |
Sacramento Miners batting - Pitching for Los Angeles Lions : RHP Bennie Fidgeon
|
Now at 1B: Judge Joplin
|
|
Now at 3B: Frederic Spivey
|
|
Now in LF: Lincoln Turnock
|
|
Batting: RHB Prince Pinchin
|
0-0: Foul Ball, location: 23FF 0-1: Swinging Strike 0-2: Ball 1-2: Ball 2-2: Foul Ball, location: 23FF 2-2: Ball 3-2: Foul Ball, location: 9LSF 3-2: Base on Balls
|
Batting: RHB Byron Wilkinson
|
0-0: Sac Bunt to 5S - play at second, runner OUT! 5-6
|
Batting: LHB Luciano Priestley
|
0-0: Sac Bunt to P - play at first, batter OUT! 1-3 Byron Wilkinson to second
|
Batting: LHB Morgan Spencer
|
0-0: Ball 1-0: Fly out, F7 (Flyball, 78M, EV 97.5 MPH)
|
Bottom of the 7th over - 0 runs, 0 hits, 0 errors, 1 left on base; Los Angeles 1 - Sacramento 2 |
TOP OF THE 8TH |
Los Angeles Lions batting - Pitching for Sacramento Miners : LHP Luciano Priestley
|
Batting: LHB Jesse Bailey
|
0-0: Swinging Strike 0-1: Ball 1-1: Called Strike 1-2: Ball 2-2: Ball 3-2: Foul Ball, location: 23F 3-2: Base on Balls
|
Pinch Hitting: RHB Elgin Duff
|
0-0: Ball 1-0: Sac Bunt to P - play at first, batter OUT! 1-3 Jesse Bailey to second
|
Batting: LHB Arthur Inions
|
0-0: Ground out U3 (Groundball, 3, EV 103.8 MPH) Jesse Bailey to third
|
Batting: SHB Harlan Sluggett
|
0-0: Called Strike 0-1: Fly out, F4 (Popup, 34D, EV 55.6 MPH)
|
Top of the 8th over - 0 runs, 0 hits, 0 errors, 1 left on base; Los Angeles 1 - Sacramento 2 |
BOTTOM OF THE 8TH |
Sacramento Miners batting - Pitching for Los Angeles Lions : RHP Bennie Fidgeon
|
Pitching: RHP Alfonso Hall
|
|
Pinch Hitting: LHB Odell Denby
|
0-0: Ground out 6-3 (Groundball, 6, EV 83.1 MPH)
|
Batting: RHB Carlo Holmes
|
0-0: Ground out U3 (Groundball, 34S, EV 86.9 MPH)
|
Batting: RHB Francisco Thompson
|
0-0: Fly out, F9 (Flyball, 89S, EV 79.4 MPH)
|
Bottom of the 8th over - 0 runs, 0 hits, 0 errors, 0 left on base; Los Angeles 1 - Sacramento 2 |
TOP OF THE 9TH |
Los Angeles Lions batting - Pitching for Sacramento Miners : LHP Luciano Priestley
|
Now at 1B: John Lambshead
|
|
Now at 3B: Frank Lewis
|
|
Now in LF: Odell Denby
|
|
Batting: RHB Thaddeus Coxall
|
0-0: SINGLE (Groundball, 34D, EV 103.1 MPH)
|
Batting: RHB Ellsworth Fearon
|
0-0: Ball 1-0: Foul Ball, location: 3F 1-1: Bunted foul 1-2: Foul Ball, location: 5FF 1-2: Fly out, F8 (Flyball, 8RM, EV 88.1 MPH)
|
Batting: RHB Judge Joplin
|
0-0: Called Strike 0-1: Swinging Strike 0-2: Ball 1-2: Strikes out swinging
|
Batting: RHB Frederic Spivey
|
0-0: Called Strike 0-1: Ball 1-1: Swinging Strike 1-2: Ball 2-2: Ball 3-2: Strikes out swinging
|
Top of the 9th over - 0 runs, 1 hit, 0 errors, 1 left on base; Los Angeles 1 - Sacramento 2 |
|